 Dungeon Crawl Stone Soup version 0.31-a0-189-ga26ba32dd1 (webtiles) character file.

Game seed: 8258506207262837828

86 qw the Shooter (level 4, -4/25 HPs)
             Began as a Deep Elf Hunter on June 23, 2023.
             Slain by Terence
             ... wielding a +2 morningstar of protection
              (9 damage)
             ... on level 2 of the Dungeon.
             The game lasted 00:00:29 (1402 turns).

qw the Shooter (Deep Elf Hunter)                    Turns: 1402, Time: 00:00:30

Health: -4/25      AC:  7    Str: 10    XL:     4   Next: 26%
Magic:  6/6        EV: 12    Int: 14    God:
Gold:   66         SH:  0    Dex: 18    Spells: 3/3 levels left

rFire   . . .        Y - +2 shortbow
rCold   . . .        (shield currently unavailable)
rNeg    . . .        c - +0 leather armour
rPois   .            (no helmet)
rElec   .            (no cloak)
rCorr   .            (no gloves)
SInv    .            (no boots)
Will    .....        (no amulet)
Stlth   ++           g - +4 ring of protection
HPRegen 0.24/turn    (no ring)
MPRegen 0.10/turn

%: no passive effects
@: no status effects
A: no striking features
a: no special abilities


You were on level 2 of the Dungeon.
You visited 1 branch of the dungeon, and saw 2 of its levels.

You collected 66 gold pieces.


   Skills:
 - Level 1.5 Fighting
 + Level 7.7 Ranged Weapons
 - Level 2.4 Dodging
 - Level 1.2 Stealth


You had 3 spell levels left.
You didn't know any spells.
Your spell library was empty.

Inventory:

Hand Weapons
 Y - a +2 shortbow (weapon)
Armour
 b - a +0 ring mail
 c - a +0 leather armour (worn)
Jewellery
 g - a +4 ring of protection (left hand)
 i - an amulet of magic regeneration
Scrolls
 d - a scroll of noise {unknown}
Potions
 a - a potion of mutation {unknown}
 e - 2 potions of attraction {unknown}
 f - a potion of resistance {unknown}
 h - a potion of heal wounds {unknown}
 k - a potion of lignification {unknown}

Dungeon Overview and Level Annotations

Branches:
Dungeon (2/15)

Altars:

Annotations:
D:2 Terence


Message History

Enter note:
Enter note:
Found a scale mail.
Enter note:
Enter note:
Enter note: You see here a +0 scale mail.
Terence the Incautious comes into view.
He is wielding a +2 morningstar of protection.
Terence shouts!
Enter note:
Enter note:
Enter note: You shoot an arrow.
The arrow hits Terence.
Terence is moderately wounded.
You shoot an arrow.
The arrow hits Terence but does no damage.
Terence is moderately wounded.
Terence closely misses you.
You shoot an arrow. The arrow completely misses Terence.
Terence hits you with a +2 morningstar of protection.
You shoot an arrow.
The arrow hits Terence but does no damage.
Terence is moderately wounded.
Terence hits you with a +2 morningstar of protection.
You shoot an arrow. The arrow barely misses Terence.
Terence barely misses you.
You shoot an arrow.
The arrow hits Terence but does no damage.
Terence is moderately wounded.
Terence closely misses you.
You shoot an arrow. The arrow hits Terence.
Terence is heavily wounded.
Terence barely misses you.
You shoot an arrow. The arrow barely misses Terence.
Terence hits you with a +2 morningstar of protection!
You shoot an arrow.
The arrow hits Terence but does no damage.
Terence is heavily wounded.
Terence hits you with a +2 morningstar of protection!
You die...

#### .# #...#.#..#########...
#.####...#.#..............
#......#.#.#..........####
#.####.#.:.#..............
#############.#####..........####
........................(#..<#
..###########.##..######.#.#.#
#...# ###..##[.# #.#.# ###.#
#......@.# #.### ###.###
#.#.####@# #. ......# #.#.# .#
......# ##...# .# ......###...##
.# ......##...## ..
......##.#.########
#####.##.#.........
#.##.##########


You could see Terence.

Vanquished Creatures
  Jessica (D:2)
  Natasha (D:1)
  A worm (D:2)
  A dart slug (D:2)
  A bat (D:1)
  4 endoplasms
  A giant cockroach (D:2)
  5 hobgoblins
  3 jackals (D:2)
  2 quokkas
  6 ball pythons
  2 frilled lizards
  3 rats
31 creatures vanquished.

Notes
Turn   | Place    | Note
-------+----------+-------------------------------------------
     0 | D:1      | qw the Deep Elf Hunter began the quest for the Orb.
     0 | D:1      | Reached XP level 1. HP: 12/12 MP: 3/3
     0 | D:1      | 0 ||| qw: Version: 0.3-a-9-g12657ce
     0 | D:1      | 0 ||| qw: Game counter: 4465
     0 | D:1      | 0 ||| qw: Always use a shield: true
     0 | D:1      | 0 ||| qw: God list: Okawaru
     0 | D:1      | 0 ||| qw: Allow faded altars: false
     0 | D:1      | 0 ||| qw: Do Orc after D:15 true
     0 | D:1      | 0 ||| qw: Do second Lair branch before Depths: true
     0 | D:1      | 0 ||| qw: Lair rune preference: random
     0 | D:1      | 0 ||| qw: Plans: Normal
     0 | D:1      | 0 ||| PLANNING D:1-11
   189 | D:1      | Reached skill level 6 in Ranged Weapons
   189 | D:1      | Reached XP level 2. HP: 16/16 MP: 4/4
   739 | D:1      | 739 ||| UPGRADING to +4 ring of protection.
   740 | D:1      | 740 ||| READING scroll labelled GEGIOVVU QAQAHAE.
   741 | D:1      | 741 ||| READING 2 scrolls labelled MIDAVVAINE.
   742 | D:1      | 742 ||| READING scroll of enchant weapon.
   742 | D:1      | 742 ||| ENCHANTING +1 shortbow.
   743 | D:1      | 743 ||| READING scroll labelled ANUEKOU OQISIA.
   744 | D:1      | 744 ||| READING scroll labelled HIOQ COKHANIT.
   745 | D:1      | 745 ||| READING scroll labelled XEMPEISTREI.
   750 | D:1      | 750 ||| DROPPING scroll of butterflies.
   774 | D:2      | Noticed Natasha
   779 | D:2      | 779 ||| STAIRDANCE
   783 | D:1      | Killed Natasha
   784 | D:1      | Reached XP level 3. HP: 16/20 MP: 5/5
   854 | D:2      | Reached skill level 7 in Ranged Weapons
  1046 | D:2      | Noticed Jessica
  1053 | D:2      | Killed Jessica
  1054 | D:2      | Reached XP level 4. HP: 25/25 MP: 6/6
  1393 | D:2      | Noticed Terence
  1401 | D:2      | HP: 4/25 [Terence/+2 morningstar of protection (11)]
  1402 | D:2      | Slain by Terence

Levels and vault maps discovered:
D:1:      heliophobic_arrival_glass_houses, layout_basic, supply_closet_lemuel,
          serial_bayou_pond_a, minmay_misc_feat_nine_boxes
D:2:      layout_basic, uniq_jessica, uniq_natasha, uniq_terence

Skill      XL: |  1  2  3 |
---------------+----------+-----
Ranged Weapons | 6 7 |  7.7
Fighting       | |  1.5
Dodging        | |  2.4
Stealth        | |  1.2

Action                     |  1- 3 |  4- 6 || total
---------------------------+-------+-------++-------
  Melee: Unarmed           |     1 |       ||     1
   Fire: Shortbow          |    73 |    14 ||    87
    Use: Scroll            |     6 |       ||     6
 Armour: Leather armour    |     1 |       ||     1
  Dodge: Dodged            |    11 |     4 ||    15

Table legend:
 A = Non-vault XP
 B = Vault XP
 C = Vault XP percentage of total XP
 D = Non-vault monster count
 E = Vault monster count
 F = Vault count percentage of total count
                 A         B        C        D         E       F
            +---------+---------+-------+---------+---------+-------
      Total |      53 |      70 |  56.9 |      29 |       2 |   6.5
            +---------+---------+-------+---------+---------+-------
        D:1 |      21 |      33 |  61.1 |      14 |       1 |   6.7
        D:2 |      32 |      37 |  53.6 |      15 |       1 |   6.2
            +---------+---------+-------+---------+---------+-------
